 Dungeon Crawl Stone Soup version 0.26.1-11-gd32895ea62 (webtiles) character file.

Game seed: 3139223592506699005

270 raph the Reanimator (level 6, -6/49 HPs)
             Began as a Deep Dwarf Necromancer on June 13, 2021.
             Mangled by Grinder (8 damage)
             ... while paralysed by Grinder
             ... on level 4 of the Dungeon.
             The game lasted 00:09:02 (5547 turns).

raph the Reanimator (Deep Dwarf Necromancer)        Turns: 5547, Time: 00:09:03

Health: -6/49      AC:  3    Str: 11    XL:     6   Next: 1%
Magic:  3/8        EV:  2    Int: 18    God:
Gold:   176        SH:  0    Dex: 13    Spells: 3/8 levels left

rFire    . . .     SeeInvis .   g - -2 short sword (curse)
rCold    . . .     Faith    .   (no shield)
rNeg     . . .     Spirit   .   a - +1 robe
rPois    .         Reflect  .   (no helmet)
rElec    .         Harm     .   (no cloak)
rCorr    .         Rampage  .   (no gloves)
Will     .....                  (no boots)
Stlth    ++........             (no amulet)
HPRegen  0.00/turn              (no ring)
MPRegen  0.11/turn              (no ring)

@: paralysed, non-regenerating
A: damage resistance, heal wounds, sense surroundings 1, no regeneration
a: Heal Wounds


You were on level 4 of the Dungeon.
You visited 1 branch of the dungeon, and saw 4 of its levels.

You collected 176 gold pieces.

Inventory:

Hand Weapons
 c - a +0 dagger
 g - a cursed -2 short sword (weapon)
 n - a +2 falchion of holy wrath
Missiles
 b - 26 poisoned darts
Armour
 a - a +1 robe (worn)
Wands
 j - a wand of digging (1)
Scrolls
 d - 4 scrolls of identify
 l - a scroll of enchant armour
Potions
 e - a potion of invisibility
 f - 2 potions of brilliance
 h - 2 potions of might
 i - a potion of flight
 k - a potion of heal wounds {unknown}
 m - a potion of lignification {unknown}


   Skills:
 - Level 2.1 Dodging
 - Level 2.4 Stealth
 - Level 1.7 Spellcasting
 + Level 8.0 Necromancy


You had 3 spell levels left.
You knew the following spells:

 Your Spells              Type           Power        Failure   Level
a - Pain                  Necr           100%         1%          1
b - Animate Skeleton      Necr           60%          1%          1
c - Vampiric Draining     Necr           15%          1%          3

Your spell library contained the following spells:

 Spells                   Type           Power        Failure   Level
 Animate Dead             Necr           15%          7%          4
 Agony                    Necr           30%          19%         5


Dungeon Overview and Level Annotations

Branches:
Dungeon (4/15)
 Temple: D:4-7

Altars:

Annotations:
D:4 Grinder


Innate Abilities, Weirdness & Mutations

You are resistant to damage.
You can heal yourself by infusing magical energy.
You passively map a small area around you.
You do not regenerate.


Message History

The worm writhes in agony!
The worm barely misses you.
Grinder blinks!
Grinder gestures at you. Pain shoots through your body!
* * * LOW HITPOINT WARNING * * *
There is a stone staircase leading down here.
Grinder hits you.
You writhe in agony.
You climb downwards.
An orc wizard comes into view. It is wielding a +0 dagger.
There is a stone staircase leading up here.
You hit Grinder but do no damage. Grinder gestures at you.
You suddenly lose the ability to move!
Grinder hits you.
* * * LOW HITPOINT WARNING * * *
You writhe in agony.
The orc wizard shouts!
You hear a shout!
An orc wizard comes into view. It is wielding a +0 dagger.
Grinder hits you!
You die...

###
#@#
#5#
#o# *
#.o,,*
###* ,
* * ,


You could see Grinder and 2 orc wizards.

Vanquished Creatures
  A scorpion (D:4)
  Natasha (thrice) (D:2)
  4 adders
  3 worms
  5 dart slugs
  3 leopard geckos
  2 orcs
  4 giant cockroaches
  9 goblins
  9 hobgoblins
  11 jackals
  3 quokkas (D:2)
  A ball python (D:1)
  8 bats
  2 frilled lizards
  10 kobolds
  9 rats
87 creatures vanquished.

Vanquished Creatures (collateral kills)
  A frilled lizard (D:2)
1 creature vanquished.

Grand Total: 88 creatures vanquished

Notes
Turn   | Place    | Note
-------+----------+-------------------------------------------
     0 | D:1      | raph the Deep Dwarf Necromancer began the quest for the
                  | Orb.
     0 | D:1      | Reached XP level 1. HP: 15/15 MP: 3/3
     2 | D:1      | Learned a level 1 spell: Animate Skeleton
   418 | D:1      | Reached XP level 2. HP: 20/22 MP: 0/4
   474 | D:1      | Reached skill level 5 in Necromancy
  1334 | D:1      | Reached XP level 3. HP: 14/28 MP: 0/5
  1338 | D:1      | Learned a level 3 spell: Vampiric Draining
  2119 | D:2      | Reached skill level 6 in Necromancy
  2624 | D:2      | Reached XP level 4. HP: 36/36 MP: 1/6
  3101 | D:2      | Noticed Natasha
  3111 | D:2      | Killed Natasha
  3539 | D:2      | Noticed Natasha
  3682 | D:2      | Killed Natasha
  3683 | D:2      | Reached skill level 7 in Necromancy
  3683 | D:2      | Reached XP level 5. HP: 19/42 MP: 1/7
  3833 | D:2      | Noticed Natasha
  3839 | D:2      | Killed Natasha
  5176 | D:3      | Noticed Grinder
  5495 | D:4      | Reached skill level 8 in Necromancy
  5495 | D:4      | Reached XP level 6. HP: 33/49 MP: 0/8
  5546 | D:4      | Paralysed by Grinder for 3 turns
  5546 | D:4      | HP: 2/49 [Grinder (4)]
  5547 | D:4      | Mangled by Grinder

Illustrated notes

Levels and vault maps discovered:
D:1:      dpeg_arrival_radiant, layout_basic
D:2:      layout_basic, minmay_3d_cube, uniq_natasha
D:3:      layout_loops_corners, dk_noncrumbling_3, kennysheep_potato,
          uniq_grinder
D:4:      layout_basic

Skill      XL: |  1  2  3  4  5 |
---------------+----------------+-----
Necromancy     | 5 6 7 8 |  8.0
Dodging        | |  2.1
Stealth        | |  2.4
Spellcasting   | |  1.7

Action                   |  1- 3 |  4- 6 || total
-------------------------+-------+-------++-------
Melee: Unarmed           |     2 |       ||     2
       Dagger            |    35 |       ||    35
       Short sword       |    11 |    34 ||    45
 Cast: Pain              |    61 |    53 ||   114
       Vampiric Draining |    16 |    17 ||    33
       Animate Skeleton  |     5 |     3 ||     8
  Use: Scroll            |     4 |     5 ||     9
 Stab: Sleeping          |       |     2 ||     2
Armor: Robe              |    23 |    18 ||    41
Dodge: Dodged            |    79 |    45 ||   124
